 Dungeon Crawl Stone Soup version 0.31-a0-164-g2312942fda (webtiles) character file.

Game seed: 9223066739362555562

46 qw the Chopper (level 3, 0/23 HPs)
             Began as a Gargoyle Fighter on June 13, 2023.
             Slain by Natasha (4 damage)
             ... on level 3 of the Dungeon.
             The game lasted 00:00:41 (1936 turns).

qw the Chopper (Gargoyle Fighter)                   Turns: 1936, Time: 00:00:41

Health: 0/23       AC: 12    Str: 21    XL:     3   Next: 66%
Magic:  3/3        EV:  7    Int:  8    God:
Gold:   161        SH:  4    Dex:  9    Spells: 2/2 levels left

rFire   . . .        Y - +0 war axe
rCold   . . .        c - +0 buckler
rNeg    + . .        l - +0 chain mail
rPois   inf          (no helmet)
rElec   +            (no cloak)
rCorr   .            (no gloves)
SInv    .            (no boots)
Will    .....        (no amulet) Stlth
                     (no ring)
HPRegen 0.23/turn    (no ring)
MPRegen 0.08/turn

%: no passive effects
@: about to teleport, slowed, very slow
A: sickness immunity, AC +3, negative energy resistance 1, electricity
resistance, torment resistance 1, petrification resistance
a: no special abilities


You were on level 3 of the Dungeon.
You visited 1 branch of the dungeon, and saw 3 of its levels.

You collected 161 gold pieces.


Innate Abilities, Weirdness & Mutations

You are immune to sickness and miasma.
Your stone body is resilient. (AC +3)
You are immune to poison.
You resist negative energy. (rN+)
You are resistant to electric shocks. (rElec)
You are resistant to unholy torment.
You are immune to petrification.


   Skills:
 - Level 3.2 Fighting
 + Level 3.5 Axes
 - Level 3.2 Armour
 - Level 3.2 Shields


You had 2 spell levels left.
You didn't know any spells.
Your spell library was empty.

Inventory:

Hand Weapons
 f - a +0 whip
 Y - a +0 war axe (weapon)
Missiles
 k - 5 boomerangs (quivered)
Armour
 c - a +0 buckler (worn)
 l - a +0 chain mail (worn)
Jewellery
 i - a ring of ice
Potions
 b - a potion of invisibility {unknown}
 d - 2 potions of might
 e - a potion of attraction {unknown}
 g - a potion of curing
 h - a potion of heal wounds {unknown}
 j - a potion of degeneration {unknown}
 m - a potion of mutation {unknown}

Dungeon Overview and Level Annotations

Branches:
Dungeon (3/15)

Altars:

Annotations:
D:3 Natasha


Message History

Natasha claws you.
You barely miss Natasha.
Natasha is severely wounded.
The cerulean imp hits you but does no damage.
Natasha completely misses you. The cerulean imp closely misses you.
You block Natasha's attack.
You completely miss Natasha.
Natasha is severely wounded.
You block the cerulean imp's attack. Natasha claws you but does no damage.
The cerulean imp hits you but does no damage.
Natasha closely misses you.
You hit Natasha.
Natasha is almost dead.
The cerulean imp closely misses you. Natasha claws you but does no damage.
The cerulean imp hits you but does no damage.
Natasha casts a spell at you. The magic dart hits you.
You closely miss Natasha.
Natasha is almost dead.
The cerulean imp hits you but does no damage.
Natasha claws you but does no damage.
The cerulean imp hits you but does no damage.
Natasha wildly gestures.
You feel disoriented. Natasha barely misses you.
You barely miss Natasha.
Natasha is almost dead.
The cerulean imp hits you but does no damage.
Natasha claws you but does no damage.
The cerulean imp hits you from afar with a +0 spear.
Natasha wildly gestures.
You feel troubled. Natasha casts a spell at you. The magic dart hits you.
1936 ||| READING scroll of teleportation.
As you read the scroll of teleportation, it crumbles to dust.
You feel strangely unstable.
The cerulean imp hits you but does no damage.
Natasha claws you.
You die...

###.#............#
....<..........#.#
###.#.#.#.####..>#
#.#.#.##.###.#.#
#####.#.#.###....#.#
....#.#.#)# ####.#.#
#......>..# #.#.#
..#.#.......# #.#.#
###.###.#.#.# #@#
...># #.#.#.# #h..#
.#### ..#.# # #5.#.#
.. ...... .... # #..
.....P. .>.##
#.P...####. ###..
..# .# .#


You could see Natasha and a cerulean imp (summoned).

Vanquished Creatures
  A worm (D:2)
  3 dart slugs
  2 ball pythons
  4 bats
  An endoplasm (D:2)
  A giant cockroach (D:3)
  6 goblins
  4 hobgoblins (D:1)
  A jackal (D:3)
  A quokka (D:2)
  2 frilled lizards
  4 kobolds
  3 rats (D:1)
33 creatures vanquished.

Notes
Turn   | Place    | Note
-------+----------+-------------------------------------------
     0 | D:1      | qw the Gargoyle Fighter began the quest for the Orb.
     0 | D:1      | Reached XP level 1. HP: 14/14 MP: 1/1
     0 | D:1      | 0 ||| qw: Version: 0.2-a-29-gc1b59c4
     0 | D:1      | 0 ||| qw: Game counter: 4534
     0 | D:1      | 0 ||| qw: Always use a shield: true
     0 | D:1      | 0 ||| qw: God list: Okawaru
     0 | D:1      | 0 ||| qw: Allow faded altars: false
     0 | D:1      | 0 ||| qw: Do Orc after D:15 true
     0 | D:1      | 0 ||| qw: Do second Lair branch before Depths: true
     0 | D:1      | 0 ||| qw: Lair rune preference: random
     0 | D:1      | 0 ||| qw: Plans: Normal, Zot:1-4, Slime:5, God:TSO, Crypt,
                  | Tomb, Abyss, Pan, Hells, Win
     0 | D:1      | 0 ||| PLANNING D:1-11
   364 | D:1      | Reached XP level 2. HP: 14/19 MP: 2/2
   852 | D:1      | 852 ||| UPGRADING to +0 chain mail.
   862 | D:1      | 862 ||| DROPPING +0 scale mail.
   863 | D:1      | 863 ||| READING 2 scrolls labelled KUUD BYIFAUHAZ.
   866 | D:1      | 866 ||| READING scroll labelled UTYSTUXTAA.
   867 | D:1      | 867 ||| DRINKING 2 puce potions.
  1117 | D:2      | Reached skill level 3 in Axes
  1120 | D:2      | 1120 ||| DROPPING +0 club.
  1167 | D:2      | Reached XP level 3. HP: 19/23 MP: 3/3
  1242 | D:2      | 1242 ||| Stepping ~*~*~tactically~*~*~ (hiding).
  1244 | D:2      | 1244 ||| Stepping ~*~*~tactically~*~*~ (hiding).
  1247 | D:2      | 1247 ||| Stepping ~*~*~tactically~*~*~ (hiding).
  1248 | D:2      | 1248 ||| Stepping ~*~*~tactically~*~*~ (hiding).
  1920 | D:3      | Noticed Natasha
  1935 | D:3      | HP: 3/23 [Natasha/magic dart (6)]
  1936 | D:3      | 1936 ||| READING scroll of teleportation.
  1936 | D:3      | Slain by Natasha

Levels and vault maps discovered:
D:1:      dpeg_arrival_pits, layout_basic, kennysheep_decorative_pillar,
          amcnicky_mini_pool_small, supply_closet_lemuel
D:2:      layout_loops_ring
D:3:      layout_loops_ring, minitemple,
          shapermc_ecumenical_altar_mp_ritualfount, uniq_natasha

Skill      XL: |  1  2 |
---------------+-------+-----
Axes           | 2 3 |  3.5
Fighting       | |  3.2
Armour         | |  3.2
Shields        | |  3.2

Action                     || total
---------------------------++-------
  Melee: War axe           ||    89
  Throw: Boomerang         ||    27
    Use: Scroll            ||     3
         Potion            ||     1
 Armour: Scale mail        ||    23
         Chain mail        ||    31
  Dodge: Dodged            ||    37
  Block: Buckler           ||    17

Table legend:
 A = Non-vault XP
 B = Vault XP
 C = Vault XP percentage of total XP
 D = Non-vault monster count
 E = Vault monster count
 F = Vault count percentage of total count
                 A         B        C        D         E       F
            +---------+---------+-------+---------+---------+-------
      Total |      66 |       0 |   0.0 |      33 |       0 |   0.0
            +---------+---------+-------+---------+---------+-------
        D:1 |      23 |       0 |   0.0 |      14 |       0 |   0.0
        D:2 |      30 |       0 |   0.0 |      13 |       0 |   0.0
        D:3 |      13 |       0 |   0.0 |       6 |       0 |   0.0
            +---------+---------+-------+---------+---------+-------
